[ AOE2 MATCH · #484265738 ]
UnrankedPersians vs Britons
[ REPLAY ANALYSIS · EXTRACTED FROM THE RECORDED GAME ]
Feudal
—
Castle
—
Imperial
—
| APM avg | 18.6 |
| APM peak | 28 |
| eAPM avg | 8.5 |
| Villagers / military | 9 / 0 |
Focus
⚔️ 0.0% · 🌾 100.0%
Feudal
—
Castle
—
Imperial
—
| APM avg | 63.6 |
| APM peak | 81 |
| eAPM avg | 6.9 |
| Villagers / military | 7 / 0 |
Focus
⚔️ 0.0% · 🌾 100.0%
Feudal
—
Castle
—
Imperial
—
| APM avg | 47.4 |
| APM peak | 62 |
| eAPM avg | 15.8 |
| Villagers / military | 9 / 0 |
Focus
⚔️ 0.0% · 🌾 100.0%
Feudal
—
Castle
—
Imperial
—
| APM avg | 6.1 |
| APM peak | 12 |
| eAPM avg | 2.8 |
| Villagers / military | 0 / 0 |
Feudal
—
Castle
—
Imperial
—
| APM avg | 32.0 |
| APM peak | 69 |
| eAPM avg | 8.5 |
| Villagers / military | 10 / 0 |
Focus
⚔️ 16.7% · 🌾 83.3%
Feudal
—
Castle
—
Imperial
—
| APM avg | 29.2 |
| APM peak | 41 |
| eAPM avg | 10.1 |
| Villagers / military | 8 / 0 |
Focus
⚔️ 0.0% · 🌾 100.0%
Match map
Initial resources + every placement click. Lines = walls · curves = elevation contours. ◆ gold · ⬟ stone · ● berries · ✦ relic · ◌ wall gap
Your base
Xon Xeena's base
Elvis tek's base
FearsomeBadge81's base
psnb694238's base
"Tigre@morir11"'s base
Smoothed initial terrain · ◌ = detected wall gap · hover for details
Inputs per minute
— ryapurafcam - - Xon Xeena
Build order — ryapurafcam
11 actions detected in the replay
| 0:06 | Build | House |
| 0:08 | Build | House |
| 0:15 | Create | Villager (Male) |
| 0:15 | Create | Villager (Male) |
| 0:16 | Create | Villager (Male) |
| 0:16 | Create | Villager (Male) |
| 0:16 | Create | Villager (Male) |
| 0:16 | Create | Villager (Male) |
| 0:16 | Create | Villager (Male) |
| 2:13 | Create | Villager (Male) |
| 2:13 | Create | Villager (Male) |
Build order — Xon Xeena
9 actions detected in the replay
| 0:02 | Build | House |
| 0:04 | Build | House |
| 0:35 | Create | Villager (Male) |
| 0:36 | Create | Villager (Male) |
| 0:36 | Create | Villager (Male) |
| 0:36 | Create | Villager (Male) |
| 1:06 | Create | Villager (Male) |
| 1:44 | Create | Villager (Male) |
| 2:12 | Create | Villager (Male) |
Build order — Elvis tek
13 actions detected in the replay
| 0:01 | Create | Villager (Male) |
| 0:01 | Create | Villager (Male) |
| 0:02 | Create | Villager (Male) |
| 0:02 | Create | Villager (Male) |
| 0:02 | Create | Villager (Male) |
| 0:02 | Create | Villager (Male) |
| 0:02 | Create | Villager (Male) |
| 0:04 | Build | House |
| 0:07 | Build | House |
| 0:37 | Build | House |
| 0:38 | Build | House |
| 2:15 | Create | Villager (Male) |
| 2:16 | Create | Villager (Male) |
Build order — FearsomeBadge81
0 actions detected in the replay
Build order — psnb694238
7 actions detected in the replay
| 0:04 | Research | Loom |
| 0:19 | Build | House |
| 0:21 | Build | House |
| 0:22 | Build | House |
| 0:50 | Create | Villager (Male) ×5 |
| 0:51 | Create | Villager (Male) ×5 |
| 1:32 | Build | Mill |
Build order — "Tigre@morir11"
11 actions detected in the replay
| 0:12 | Build | House |
| 0:14 | Create | Villager (Male) |
| 0:14 | Create | Villager (Male) |
| 0:14 | Create | Villager (Male) |
| 0:15 | Create | Villager (Male) |
| 0:31 | Create | Villager (Male) |
| 0:32 | Create | Villager (Male) |
| 0:36 | Build | House |
| 2:05 | Create | Villager (Male) |
| 2:05 | Create | Villager (Male) |
| 2:19 | Build | Lumber Camp |
Match timeline
| 2:22 | FearsomeBadge81 · resign |
[ AI ANALYSIS · 1 CREDIT ]
What really happened in this match?
Wolo.gg analyzes every decision: build order, eco, micro, common mistakes by bracket. Personalized analysis on WhatsApp or Discord in 30 seconds.
Civ guide
Persians
Perfil
Jugador #21747418